 Dungeon Crawl Stone Soup version 0.23-a0-143-g1adec7b (webtiles) character file.

105 Goblin1989 the Firebug (level 4, -3/24 HPs)
             Began as a Deep Elf Fire Elementalist on Sept 4, 2018.
             Slain by a gnoll
             ... wielding a +0 spear
              (5 damage)
             ... on level 3 of the Dungeon on Sept 5, 2018.
             The game lasted 00:07:28 (2570 turns).

Goblin1989 the Firebug (Deep Elf Fire Elementalist) Turns: 2570, Time: 00:07:29

Health: -3/24      AC:  2    Str:  5    XL:     4   Next: 54%
Magic:  5/11       EV: 13    Int: 21    God:
Gold:   46         SH:  0    Dex: 15    Spells: 9/10 levels left

rFire    . . .     SeeInvis .   i - -2 dagger (curse)
rCold    . . .     Gourm    .   (no shield)
rNeg     . . .     Faith    .   a - +0 robe
rPois    .         Spirit   .   (no helmet)
rElec    .         Reflect  .   (no cloak)
rCorr    .         Harm     .   (no gloves)
MR       .....                  (no boots)
Stlth    ++........             (no amulet)
HPRegen  0.08/turn              (no ring)
MPRegen  0.12/turn              (no ring)

@: no status effects
A: no striking features
a: no special abilities


You were on level 3 of the Dungeon.
You were not hungry.

You visited 1 branch of the dungeon, and saw 3 of its levels.

You collected 46 gold pieces.

Inventory:

Hand Weapons
 i - a cursed -2 dagger (weapon)
 v - a +0 hunting sling
Missiles
 r - 61 stones (quivered) {@Q3}
 t - 14 sling bullets
Armour
 a - a +0 robe (worn)
Scrolls
 h - 5 scrolls of amnesia {unknown}
 k - 2 scrolls of enchant armour {unknown}
 m - 3 scrolls of identify {unknown}
 n - 2 scrolls of teleportation {unknown}
Potions
 g - a potion of brilliance {unknown}
 l - 2 potions of curing {unknown}
 o - 2 potions of might {unknown}
 p - a potion of ambrosia {unknown}
 q - 2 potions of mutation {unknown}
Comestibles
 e - 7 rations


   Skills:
 - Level 2.4 Dodging
 - Level 2.4 Stealth
 + Level 3.9 Spellcasting
 * Level 3.1 Conjurations
 * Level 4.5 Fire Magic


You had 9 spell levels left.
You knew the following spells:

 Your Spells              Type           Power        Failure   Level  Hunger
a - Flame Tongue          Conj/Fire      ###..        2%          1    None

Your spell library contained the following spells:

 Spells                   Type           Power        Failure   Level  Hunger
 Throw Flame              Conj/Fire      ###...       3%          2    #......
 Conjure Flame            Conj/Fire      ###.....     8%          3    ###....
 Inner Flame              Hex/Fire       ##......     14%         3    ###....
 Sticky Flame             Conj/Fire      ###.....     24%         4    ####...
 Fireball                 Conj/Fire      ###.......   56%         5    ######.


Dungeon Overview and Level Annotations

Branches:
Dungeon (3/15)

Altars:
Fedhas
Sif Muna


Message History

You take 2 damage, and have 22/24 hp.
You now have 10/11 mp.
Casting: Flame Tongue (safe; 2% risk of failure)
Confirm with . or Enter, or press ? or * to list all spells.
Aiming: Flame Tongue (safe; 2% risk of failure)
Press: ? - help, Shift-Dir - straight line, f/p - frilled lizard
Aim: a frilled lizard (heavily wounded)
The flame tongue hits the frilled lizard.
You kill the frilled lizard!
You now have 9/11 mp.
Casting: Flame Tongue (safe; 2% risk of failure)
Confirm with . or Enter, or press ? or * to list all spells.
You can't see any susceptible monsters within range! (Use Z to cast anyway.)
Casting: Flame Tongue (safe; 2% risk of failure)
Confirm with . or Enter, or press ? or * to list all spells.
You can't see any susceptible monsters within range! (Use Z to cast anyway.)
You butcher the frilled lizard corpse.
w - a chunk of flesh Health restored: 24; MP restored: 11 Eating a chunk of flesh.
You eat the chunk of flesh.
This raw flesh tastes terrible.
Found a blossoming altar of Fedhas.
Done exploring.
Done exploring.
Done exploring.
(D) Dungeon
Where to? (Enter - D:2, ? - help)
There is a stone staircase leading down here.
You climb downwards.
A giant cockroach, 4 gnolls, a kobold and an orc come into view.
The orc shouts!
The kobold shouts!
The gnoll shouts!
You hear a shout! x2
The gnoll shouts!
Found a stone staircase leading up.
There is a stone staircase leading up here.
Casting: Flame Tongue (safe; 2% risk of failure)
Confirm with . or Enter, or press ? or * to list all spells.
Aiming: Flame Tongue (safe; 2% risk of failure)
Press: ? - help, Shift-Dir - straight line, f - gnoll
Aim: a gnoll, wielding a spear The flame tongue hits the gnoll.
The gnoll is moderately wounded.
The gnoll misses you.
You now have 10/11 mp.
Casting: Flame Tongue (safe; 2% risk of failure)
Confirm with . or Enter, or press ? or * to list all spells.
Aiming: Flame Tongue (safe; 2% risk of failure)
Press: ? - help, Shift-Dir - straight line, f/p - gnoll
Aim: a gnoll, wielding a spear (moderately wounded)
The flame tongue hits the gnoll.
The gnoll is heavily wounded.
The gnoll closely misses you.
You now have 9/11 mp.
Casting: Flame Tongue (safe; 2% risk of failure)
Confirm with . or Enter, or press ? or * to list all spells.
Aiming: Flame Tongue (safe; 2% risk of failure)
Press: ? - help, Shift-Dir - straight line, f/p - gnoll
Aim: a gnoll, wielding a spear (heavily wounded)
The flame tongue misses the gnoll.
The flame tongue hits the gnoll.
The gnoll is heavily wounded.
The gnoll closely misses you. The kobold closely misses you.
The gnoll barely misses you. The gnoll misses you.
You now have 8/11 mp.
Casting: Flame Tongue (safe; 2% risk of failure)
Confirm with . or Enter, or press ? or * to list all spells.
Aiming: Flame Tongue (safe; 2% risk of failure)
Press: ? - help, Shift-Dir - straight line, f/p - gnoll
Aim: a gnoll, wielding a spear (heavily wounded)
The flame tongue hits the gnoll.
The gnoll is heavily wounded.
The gnoll hits you from afar with a spear!
The gnoll barely misses you. The orc closely misses you.
The kobold completely misses you. The gnoll barely misses you.
You take 11 damage, and have 13/24 hp.
MASSIVE DAMAGE!!
You now have 7/11 mp.
Casting: Flame Tongue (safe; 2% risk of failure)
Confirm with . or Enter, or press ? or * to list all spells.
Aiming: Flame Tongue (safe; 2% risk of failure)
Press: ? - help, Shift-Dir - straight line, f/p - gnoll
Aim: a gnoll, wielding a spear (heavily wounded)
The flame tongue hits the gnoll.
You kill the gnoll!
The gnoll closely misses you.
The gnoll hits you from afar with a spear!
* * * LOW HITPOINT WARNING * * *
An orc comes into view. It is wielding a hand axe of flaming.
A hobgoblin comes into view.
The gnoll hits you from afar with a spear.
* * * LOW HITPOINT WARNING * * *
You take 11 damage, and have 2/24 hp.
MASSIVE DAMAGE!!
You now have 6/11 mp.
Unknown command.
Unknown command.
Casting: Flame Tongue (safe; 2% risk of failure)
Confirm with . or Enter, or press ? or * to list all spells.
Aiming: Flame Tongue (safe; 2% risk of failure)
Press: ? - help, Shift-Dir - straight line, f/p - gnoll
Aim: a gnoll, wielding a spear (heavily wounded)
The flame tongue misses the giant cockroach.
The flame tongue hits the gnoll.
The gnoll is severely wounded.
The kobold closely misses you.
The gnoll hits you from afar with a spear.
You die...

█. .█ █. .█ █
███.. .█.█
....███.█.███.
█............
█.........█
███.....og..██.
█......@K......
........sg...g.
.██.....g...█.█
████████o...█
.████ . █


You could see 3 gnolls, 2 orcs, a giant cockroach, a hobgoblin and a kobold.

Vanquished Creatures
  2 adders (D:2)
  A gnoll (D:3)
  An ooze (D:1)
  3 worms (D:2)
  2 dart slugs (D:1)
  2 leopard geckos (D:1)
  A ball python (D:1)
  3 bats (D:1)
  4 giant cockroaches
  6 goblins
  7 hobgoblins
  6 jackals (D:1)
  5 kobolds
  A quokka (D:2)
  8 frilled lizards
  3 rats
55 creatures vanquished.

Notes
Turn   | Place    | Note
-------+----------+-------------------------------------------
     0 | D:1      | Goblin1989 the Deep Elf Fire Elementalist began the quest
                  | for the Orb.
     0 | D:1      | Reached XP level 1. HP: 10/10 MP: 6/6
   105 | D:1      | Reached XP level 2. HP: 15/15 MP: 5/8
   553 | D:1      | Reached XP level 3. HP: 19/19 MP: 7/9
   671 | D:1      | Reached skill level 4 in Fire Magic
  1605 | D:2      | Found a deep blue altar of Sif Muna.
  1687 | D:2      | Reached XP level 4. HP: 12/24 MP: 5/11
  2497 | D:2      | Found a blossoming altar of Fedhas.
  2570 | D:3      | Slain by a gnoll

Vault maps used:
D:1:      sevenhm_arrival_forest_fort_large_4
D:2:      fedhas_altar_1, led_sif_pool
D:3:      nicolae_overflow_crystal_walls, minmay_misc_feat_cross

Skill      XL: |  1  2  3  4 |
---------------+-------------+-----
Conjurations   | 2 3 |  3.1
Fire Magic     | 4 |  4.5
Dodging        | |  2.4
Stealth        | |  2.4
Spellcasting   | |  3.9

Action                   |  1- 3 |  4- 6 || total
-------------------------+-------+-------++-------
Melee: Unarmed           |     7 |       ||     7
       Dagger            |     2 |     3 ||     5
 Cast: Flame Tongue      |    81 |    31 ||   112
  Eat: Chunk             |     2 |     3 ||     5
Armor: Robe              |     7 |     3 ||    10
Dodge: Dodged            |    24 |    17 ||    41

Table legend:
 A = Non-vault XP
 B = Vault XP
 C = Vault XP percentage of total XP
 D = Non-vault monster count
 E = Vault monster count
 F = Vault count percentage of total count
                 A         B        C        D         E       F
            +---------+---------+-------+---------+---------+-------
      Total |     151 |       0 |   0.0 |      55 |       0 |   0.0
            +---------+---------+-------+---------+---------+-------
        D:1 |      70 |       0 |   0.0 |      34 |       0 |   0.0
        D:2 |      67 |       0 |   0.0 |      20 |       0 |   0.0
        D:3 |      14 |       0 |   0.0 |       1 |       0 |   0.0
            +---------+---------+-------+---------+---------+-------

Vault maps used:
D:1:      sevenhm_arrival_forest_fort_large_4
D:2:      fedhas_altar_1, led_sif_pool
D:3:      nicolae_overflow_crystal_walls, minmay_misc_feat_cross
